 Dungeon Crawl Stone Soup version 0.27.1-2-g3b301248ec (webtiles) character file.

Game seed: 15450329784678158707

191 safid the Skirmisher (level 5, 0/47 HPs)
             Began as a Hill Orc Fighter on Sept 26, 2021.
             Succumbed to an orc wizard's poison
             ... on level 4 of the Dungeon on Sept 27, 2021.
             The game lasted 00:04:11 (1503 turns).

safid the Skirmisher (Hill Orc Fighter)             Turns: 1503, Time: 00:04:12

Health: 0/47       AC: 10    Str: 20    XL:     5   Next: 70%
Magic:  5/5        EV:  7    Int:  8    God:
Gold:   62         SH:  9    Dex: 10    Spells: 4/4 levels left

rFire    . . .     SeeInvis .   a - +0 war axe
rCold    . . .     Faith    +   c - +0 kite shield
rNeg     . . .     Spirit   .   b - +0 scale mail
rPois    .         Reflect  .   (no helmet)
rElec    .         Harm     .   (no cloak)
rCorr    .         Rampage  +   (no gloves)
Will     .....                  j - +2 pair of boots {rampage}
Stlth    ..........             g - amulet of faith
HPRegen  0.15/turn              (no ring)
MPRegen  0.09/turn              (no ring)

@: lethally poisoned (0 -> -9), silenced
A: no striking features
a: no special abilities


You were on level 4 of the Dungeon.
You visited 1 branch of the dungeon, and saw 3 of its levels.

You collected 62 gold pieces.

Inventory:

Hand Weapons
 a - a +0 war axe (weapon)
Armour
 b - a +0 scale mail (worn)
 c - a +0 kite shield (worn)
 j - a +2 pair of boots of rampaging (worn)
Jewellery
 g - an amulet of faith (around neck)
Scrolls
 e - 2 scrolls of teleportation {unknown}
 h - 2 scrolls of identify {unknown}
 l - a scroll of holy word {unknown}
Potions
 d - a potion of might


   Skills:
 + Level 4.8 Fighting
 + Level 4.3 Axes
 + Level 4.4 Armour
 + Level 4.4 Shields


You had 4 spell levels left.
You didn't know any spells.
Your spell library contained the following spells:

 Spells                   Type           Power      Damage    Failure   Level
 Corpse Rot               Necr/Air       N/A        N/A       100%        2
 Poisonous Vapours        Pois/Air       0%         N/A       100%        2
 Freezing Cloud           Conj/Ice/Air   0%         6-21      100%        5


Dungeon Overview and Level Annotations

Branches:
Dungeon (2/15)

Altars:


Message History

The iguana barely misses you.
You hear some strange, mumbled words.
A puff of flame appears from out of thin air!
The puff of flame hits you!
* * * LOW HITPOINT WARNING * * *
You are too injured to fight recklessly!
Unknown command.
Welcome back, safid the Hill Orc Fighter.
Press ? for a list of commands and other information.
It was a potion of curing.
You feel better.
The orc shouts!
You block the iguana's attack. Something hits you.
* * * LOW HITPOINT WARNING * * *
You are lethally poisoned!
Deactivating autopickup; reactivate with Ctrl-A.
As you read the scroll labelled DOACYT KUILUMU, it crumbles to dust.
A profound silence engulfs you.
It was a scroll of silence.
* * * LOW HITPOINT WARNING * * *
You feel very sick. You block the iguana's attack.
Something hits you but does no damage.
You are more poisoned.
Magic scrolls do not work when you're silenced!
It was a potion of heal wounds.
You feel much better.
You feel very sick. The iguana bites you. Something hits you.
You are lethally poisoned!
You feel extremely sick.
* * * LOW HITPOINT WARNING * * *
You feel very sick.
* * * LOW HITPOINT WARNING * * *
You feel very sick.
An adder comes into view.
You block the ogre's attack.
There is an open door here.
* * * LOW HITPOINT WARNING * * *
You feel very sick.
* * * LOW HITPOINT WARNING * * *
You feel very sick.
There is an open door here.
You die...

###### ########....#
#......#....# +......#....# #
#......'....# #.
##....l#@...########## #..
####{##....#..#.....#
+...##..oO.#....#..#.....#
#..........#....#..#.....#
#.....S)$..#....#..'.....#
#..........#)...#..#.....#
#..........#....#..#.....#
#...##.....#....#'##.....####
#... #.....#.......####......


There were no monsters in sight!

Vanquished Creatures
  An ogre (D:4)
  A centaur skeleton (D:4)
  2 adders
  2 worms (D:2)
  2 dart slugs
  An orc (D:4)
  6 endoplasms
  2 giant cockroaches (D:1)
  4 goblins (D:1)
  4 hobgoblins
  2 jackals (D:2)
  3 quokkas
  A ball python (D:4)
  6 bats (D:1)
  A frilled lizard (D:1)
  2 kobolds
  3 rats (D:1)
43 creatures vanquished.

Vanquished Creatures (others)
  2 withered plants (D:1)
2 creatures vanquished.

Grand Total: 45 creatures vanquished

Notes
Turn   | Place    | Note
-------+----------+-------------------------------------------
     0 | D:1      | safid the Hill Orc Fighter began the quest for the Orb.
     0 | D:1      | Reached XP level 1. HP: 19/19 MP: 1/1
    48 | D:1      | Found a faded altar of an unknown god.
    86 | D:1      | Reached XP level 2. HP: 25/27 MP: 2/2
   549 | D:1      | Reached XP level 3. HP: 33/33 MP: 3/3
  1206 | D:2      | Reached XP level 4. HP: 37/40 MP: 4/4
  1328 | D:2      | You fall into a shaft and drop 2 floors!
  1362 | D:4      | Noticed an ogre
  1402 | D:4      | Killed an ogre
  1403 | D:4      | Reached XP level 5. HP: 46/47 MP: 5/5
  1493 | D:4      | Noticed an ogre
  1502 | D:4      | HP: 2/47 [poisoned by an orc wizard]
  1503 | D:4      | Succumbed to an orc wizard's poison

Illustrated notes

Levels and vault maps discovered:
D:1:      psy_arrival_terrarium, layout_basic,
          ebering_ecumenical_altar_petrified, corexii_hall_statues_i,
          hangedman_decor_growths
D:2:      layout_loops_corners, corexii_hall_statues_deadend, st_stairs_7
D:4:      layout_gridville, mainiacjoe_overflow_cross_hatched,
          okawaru_gym_becter, kennysheep_mini

Skill      XL: |  1  2  3  4 |
---------------+-------------+-----
Axes           | 3 4 |  4.3
Fighting       | 4 |  4.8
Shields        | 4 |  4.4
Armour         | 4 |  4.4

Action                   |  1- 3 |  4- 6 || total
-------------------------+-------+-------++-------
Melee: War axe           |   127 |    29 ||   156
  Use: Potion            |       |     2 ||     2
       Scroll            |       |     1 ||     1
Armor: Scale mail        |    79 |    24 ||   103
Dodge: Dodged            |    36 |    10 ||    46
Block: Kite shield       |    82 |    22 ||   104
